[Event "Presidents Day IM-Norm 2024"]
[Site "Santa Clara"]
[Date "2024.02.16"]
[Round "1.1"]
[White "Rodi, Luis Ernesto"]
[Black "Yan, Nathan"]
[Result "1-0"]
[ECO "C78"]
[WhiteElo "2196"]
[BlackElo "2311"]
[Annotator "TA"]
[PlyCount "81"]
[EventDate "2024.02.13"]
[EventType "tourn"]
[EventCountry "USA"]
[SourceTitle "playchess.com"]
[Source "ChessBase"]
[SourceQuality "1"]
[TimeControl "5400+30"]

1. e4 e5 2. Nf3 Nc6 3. Bb5 a6 4. Ba4 Nf6 5. O-O Bc5 6. c3 b5 7. Bc2 {[%emt 0:00:21] Threatens to win with d4.} d5 8. a4 dxe4 (8... Nxe4 $2 9. axb5 Ne7 10. Nxe5 $18) 9. axb5 $1 Bg4 {[%emt 0:00:07] White is slightly better.} 10. bxc6 exf3 11. gxf3 Bh3 12. Re1 $1 {[%emt 0:00:16][%cal Od2d4] aiming for d4!} O-O 13. Ra5 $1 Qd6 {[%emt 0:00:34] ...e4 is the strong threat.} 14. b4 $1 Bxf2+ 15. Kxf2 e4 16. Kg1 (16. Bxe4 Rae8 (16... Qxh2+ 17. Ke3 $18) 17. d3 Nxe4+ 18. dxe4 Qxh2+ 19. Ke3 f5) 16... Rae8 {[%emt 0:04:16][%cal Ba8e8,Be8e6,Be6f6][%mdl 32] [#] Strongly threatening ...exf3.} 17. Re3 (17. fxe4 Bg4 18. e5 (18. Re2 Nxe4 19. b5 Nf2 $19) 18... Bxd1 (18... Rxe5 19. Raxe5 Bxd1 20. Bxd1 $11) 19. exd6 Rxe1+ 20. Kf2 Bxc2 $17) (17. Rxa6 exf3 18. Rf1 Re2 (18... Bxf1 $2 19. Kxf1 Re2 20. Bxh7+ Kxh7 21. Qxe2 $19) (18... Ng4 19. Rf2 Nxf2 20. Qxf3 Qe6 21. Bxh7+ Kxh7 22. Qh5+ Kg8 23. Kxf2 Qe1+ 24. Kf3 Qe2+ 25. Kg3 Qg2+ 26. Kh4 Re4+ 27. Qg4 Qxg4#) 19. Rf2 Qe5 20. Bxh7+ Nxh7 21. d3 Re1+) 17... Nh5 $1 18. Rg5 {[%emt 0:00:10] Wards off Qg6} (18. Rxh5 {leads to mate.} Qg6+) (18. Rxe4 $2 f5 19. Bb3+ Kh8 $19) 18... Qh6 {[%emt 0:03:21] [#]} 19. Rg3 Nxg3 20. hxg3 exf3 21. Qxf3 Re6 (21... Rxe3 22. dxe3 Re8 23. c4 $16) 22. Bd3 $1 Rf6 23. Qd5 Rd6 24. Qe4 Re6 {[%emt 0:00:53] [#]} 25. Qh4 Qxh4 26. gxh4 {[%emt 0:00:07] Rxe6 would now be deadly.} Rxe3 27. dxe3 Rd8 28. Bc2 (28. Bxa6 Rd1+ 29. Kf2 Rxc1 $19) 28... Bf5 29. Bxf5 Rd1+ 30. Kf2 Rxc1 31. Ke2 g6 $2 {[%emt 0:00:00] Loses the game.} (31... Kf8 $1 $14) 32. Bd3 $18 {[%emt 0:00:08][%cal Oe2d2] Black must now prevent Kd2!} Kf8 33. c4 {[%emt 0:12:26][%cal Bc3c4,Bc4c5][%mdl 32] And now Kd2 would win.} Rh1 $2 (33... Ke7 34. c5 a5) 34. Nc3 Ke7 35. c5 Rxh4 $2 (35... Ra1 36. Kd2 Kd8) 36. Bxa6 Kd8 37. Nd5 Rh5 38. e4 {[%emt 0:01:13] White threatens b5 and mate.} Re5 39. b5 {[%emt 0:03:40] White mates.} Rxe4+ 40. Kd3 Re5 41. Kd4 {[%emt 0:00:20] Weighted Error Value: White=0.04 (flawless) /Black=0.36.  Loses game:     	---       	Black=1      Mistake:       	---       	Black=2      Inaccurate:     	White=2     	Black=4      OK:         	White=9     	Black=11     Best:        	White=4     	Black=6      Strong:       	White=5     	Black=1} 1-0

[Event "Presidents Day IM-Norm 2024"]
[Site "Santa Clara"]
[Date "2024.02.16"]
[Round "1.2"]
[White "Bansal, Advay"]
[Black "Yim, Sung Ho"]
[Result "0-1"]
[ECO "C55"]
[WhiteElo "2253"]
[BlackElo "2243"]
[Annotator "TA"]
[PlyCount "66"]
[EventDate "2024.02.13"]
[EventType "tourn"]
[EventCountry "USA"]
[SourceTitle "playchess.com"]
[Source "ChessBase"]
[SourceQuality "1"]
[TimeControl "5400+30"]

1. e4 e5 2. Nf3 Nc6 3. Bc4 Nf6 4. d3 h6 5. O-O d6 6. a4 g6 7. Nc3 Bg7 8. h3 O-O 9. Be3 Na5 10. Ba2 c5 11. Nd5 {[%emt 0:01:00] White has an edge.} Nxd5 12. Bxd5 Nc6 13. c3 Ne7 14. Ba2 b6 15. d4 Bb7 16. Bb1 exd4 17. cxd4 f5 18. Qb3+ Kh7 19. dxc5 fxe4 (19... dxc5 {feels hotter.} 20. Bxc5 fxe4 21. Rd1 Qe8) 20. cxd6 $1 exf3 21. dxe7 Qxe7 22. g3 Qd7 23. g4 (23. Qd3 {simplifies} Qxd3 24. Bxd3 Bxb2 25. Rab1) 23... Rad8 {[%emt 0:00:00] aiming for ...Qe7.} 24. a5 {[%emt 0:00:00] [#]} (24. Re1 $1 $15) 24... Qe7 $1 $17 {[%emt 0:00:00] ...Qh4 is the strong threat.} 25. Qc2 $2 (25. Rd1 $17) 25... Rd6 $19 {[%emt 0:00:00] ( -> ...Qh4). Active counter play!} 26. Rd1 Rc8 27. Qb3 {[%emt 0:00:00] [#]} Qh4 $1 28. Bd3 {[%emt 0:00:00] [#]} Rxd3 $1 29. Qxd3 Qxh3 30. Qf1 Qxg4+ 31. Kh1 {[%emt 0:00:00] White is weak on the light squares} Qh4+ (31... Bxb2 32. Qg1 Qxg1+ 33. Kxg1 Bxa1 34. Rxa1 $11) 32. Kg1 Qg4+ 33. Kh1 $1 Be5 {[%emt 0:00:00] Weighted Error Value: White=0.61/Black=0.26 (precise) .  Loses game:     	White=1     	---        Mistake:       	White=1     	---        Inaccurate:     	White=3     	Black=1      OK:         	White=4     	Black=8      Best:        	White=1     	Black=1      Strong:       	White=1     	Black=1} (33... Bxb2 34. Qg1 Qxg1+ 35. Kxg1 Bxa1 36. Rxa1 $11) 0-1

[Event "Presidents Day IM-Norm 2024"]
[Site "Santa Clara"]
[Date "2024.02.16"]
[Round "1.3"]
[White "Raja Harshit"]
[Black "Cardoso Cardoso, Jose Gabriel"]
[Result "1/2-1/2"]
[ECO "B94"]
[WhiteElo "2508"]
[BlackElo "2477"]
[Annotator "RC"]
[PlyCount "86"]
[EventDate "2024.02.13"]
[EventType "tourn"]
[EventCountry "USA"]
[SourceTitle "playchess.com"]
[Source "ChessBase"]
[SourceQuality "1"]
[TimeControl "5400+30"]

1. e4 c5 2. Nf3 d6 3. d4 cxd4 4. Nxd4 Nf6 5. Nc3 a6 6. Bg5 Nbd7 7. Qe2 h6 8. Bh4 g6 9. f4 e5 10. fxe5 dxe5 11. O-O-O Bg7 12. Nb3 O-O 13. Qf3 b5 14. g4 b4 15. Nd5 g5 16. Bf2 Nxd5 17. exd5 Nf6 18. h3 e4 19. Qe3 Nxd5 20. Qxe4 Qf6 21. Bd4 Qf4+ 22. Qxf4 Nxf4 23. Bc5 Re8 24. Bxb4 Bb7 25. Rh2 Bf3 26. Re1 Nd5 27. Rf2 Be5 28. Bd2 Bf4 29. Be2 Be4 30. Bc4 Bg6 31. Rxe8+ Rxe8 32. Re2 Bxd2+ 33. Nxd2 Rd8 34. a3 Nf4 35. Re3 Rd6 36. b4 Kg7 37. Nb3 f5 38. Nc5 h5 39. Bxa6 fxg4 40. hxg4 hxg4 41. Bf1 Rf6 42. Bc4 Nh5 43. b5 g3 1/2-1/2

[Event "Presidents Day IM-Norm 2024"]
[Site "Santa Clara"]
[Date "2024.02.16"]
[Round "1.4"]
[White "Vatsal Singhania"]
[Black "Stevens, Adam B"]
[Result "1-0"]
[ECO "B92"]
[WhiteElo "2252"]
[BlackElo "1878"]
[Annotator "TA"]
[PlyCount "91"]
[EventDate "2024.02.13"]
[EventType "tourn"]
[EventCountry "USA"]
[SourceTitle "playchess.com"]
[Source "ChessBase"]
[SourceQuality "1"]
[TimeControl "5400+30"]

1. e4 c5 2. Nf3 d6 3. d4 cxd4 4. Nxd4 Nf6 5. Nc3 a6 6. Be2 e5 7. Nf3 Be7 8. Bg5 Nbd7 9. a4 h6 10. Be3 Ng4 11. Bc1 {[%emt 0:00:00] White has an edge.} Ngf6 12. O-O Nc5 13. Nd2 Be6 14. Re1 O-O 15. b3 Rc8 16. Bb2 Qc7 17. Bc4 Rfd8 18. Qf3 Bxc4 (18... b6 $14) 19. Nxc4 $16 Ne6 20. a5 Nd4 21. Qd3 Qc6 ({Black should try} 21... Re8) 22. Nb6 Rb8 23. Ncd5 Re8 24. c4 Ne6 25. Rad1 {[%emt 0:00:00] White is much more active.} (25. b4 $142 {Hoping for b5.} Nf4 26. Nxf4 exf4 27. Rac1) 25... Rbd8 (25... Nc5 $16 26. Qf3 Bd8) 26. b4 {[%emt 0:00:00] Strongly threatening b5.} Nf4 27. Nxf4 exf4 28. Qf3 Nd7 29. Nxd7 (29. Qxf4 Nxb6 30. axb6 Qxc4 $17) ({Better is} 29. Nd5 $18) 29... Rxd7 30. Qxf4 Bf8 31. Rc1 (31. Rd4 $5) 31... Rde7 32. f3 b6 33. Qf5 Rb7 34. b5 (34. Kf1 {simplifies} Qc7 35. axb6 Rxb6 36. Qa5) 34... Qc7 (34... Qc5+ $16 {was necessary.} 35. Qxc5 dxc5) 35. bxa6 $18 Rbb8 (35... Ra7 $142 36. Bd4 (36. Qb5 Rb8 $18) 36... bxa5 37. Bxa7 Qxa7+ 38. Kh1 (38. c5 g6 $18) 38... Qxa6) 36. Bd4 {[%emt 0:00:19] [#] And now Qd5 would win.} bxa5 37. a7 Ra8 38. Qd5 Be7 (38... Rxa7 {keeps fighting.} 39. Rb1 (39. Bxa7 Qxa7+ 40. Kh1 Re5 $18) 39... Rea8 40. Bxa7 Rxa7) 39. Rb1 {[%emt 0:00:17][%cal Bc1b1,Bb1b7,Bb7e7][%mdl 32] Black is weak on the light squares} Rxa7 40. Bxa7 Qxa7+ 41. Kh1 a4 42. Rb7 Qf2 43. Reb1 a3 (43... g5 $142 44. e5 Qc5) 44. h3 (44. Qc6 $142 Rf8 45. Rxe7) 44... a2 45. Ra1 Rf8 $2 {[%emt 0:00:19] [#]} (45... Kf8 46. Qa5 h5 47. Qxh5 (47. Qxa2 Qc5 $18) 47... Kg8) 46. Rxe7 {[%emt 0:00:56] Weighted Error Value: White=0.33/Black=0.37.  Mistake:       	White=3     	Black=8      Inaccurate:     	---       	Black=1      OK:         	White=17    	Black=12     Best:        	White=2     	---} 1-0

[Event "Presidents Day IM-Norm 2024"]
[Site "Santa Clara"]
[Date "2024.02.16"]
[Round "1.5"]
[White "Guo, Ethan"]
[Black "Liu, Patrick"]
[Result "1-0"]
[ECO "B48"]
[WhiteElo "2099"]
[BlackElo "2130"]
[Annotator "NA RC"]
[PlyCount "119"]
[EventDate "2024.02.13"]
[EventType "tourn"]
[EventCountry "USA"]
[SourceTitle "playchess.com"]
[Source "ChessBase"]
[SourceQuality "1"]
[TimeControl "5400+30"]

1. e4 c5 2. Nf3 e6 3. d4 cxd4 4. Nxd4 Nc6 5. Nc3 Qc7 6. Be3 a6 7. Qf3 Nf6 8. O-O-O Ne5 9. Qg3 b5 10. f4 Neg4 11. Bg1 h5 12. e5 b4 13. Na4 Nd5 14. h3 Nh6 15. Bd3 Bb7 16. f5 Be7 17. fxe6 dxe6 18. Kb1 h4 19. Qxg7 O-O-O 20. Bh7 Bg5 21. Qxg5 Rxh7 22. Qxh4 Qa5 23. Nc6 Nc3+ 24. Nxc3 Rxd1+ 25. Nxd1 Bxc6 26. Ne3 Qxe5 27. Qxb4 Nf5 28. Nxf5 Qxf5 29. Qf8+ Kb7 30. Qe7+ Kc8 31. Bh2 f6 32. Qf8+ Kd7 33. Qd6+ Ke8 34. Qxc6+ Kf7 35. Rd1 Kg6 36. Qxa6 e5 37. Rf1 Qg5 38. Qd3+ Kh6 39. Qg3 Re7 40. Qxg5+ Kxg5 41. a4 e4 42. a5 e3 43. Bf4+ Kg6 44. Re1 e2 45. Kc1 Kf5 46. g3 Ra7 47. b4 Rb7 48. c3 Rh7 49. Rxe2 Rxh3 50. a6 Rh7 51. b5 Ra7 52. Bb8 Ra8 53. a7 Kg4 54. b6 f5 55. b7 Rxb8 56. axb8=Q Kf3 57. Qf4+ Kxe2 58. Kc2 Ke1 59. Kd3 Kd1 60. Qd2# 1-0

[Event "Presidents Day IM-Norm 2024"]
[Site "Santa Clara"]
[Date "2024.02.16"]
[Round "2.1"]
[White "Yan, Nathan"]
[Black "Liu, Patrick"]
[Result "1/2-1/2"]
[ECO "B48"]
[WhiteElo "2311"]
[BlackElo "2130"]
[Annotator "TA"]
[PlyCount "82"]
[EventDate "2024.02.13"]
[EventType "tourn"]
[EventCountry "USA"]
[SourceTitle "playchess.com"]
[Source "ChessBase"]
[SourceQuality "1"]
[TimeControl "5400+30"]

1. e4 c5 2. Nf3 e6 3. d4 cxd4 4. Nxd4 Nc6 5. Nc3 Qc7 6. Be3 a6 7. Qd2 Nf6 8. O-O-O Be7 {[%emt 0:00:02] [#]} 9. g4 Nxg4 $15 10. Bf4 Nge5 $1 11. Nxc6 bxc6 12. Rg1 O-O 13. Qe3 $1 f6 14. Qg3 Rf7 15. Be2 Bf8 16. Bh5 Re7 17. Be3 Qa5 {[%emt 0:00:18] Inhibits Bc5.} 18. Be2 {[%emt 0:01:26] Wards off Nc4} d5 {[%emt 0:03:14] ...Rb7 would now be deadly.} 19. f4 Nf7 20. Bf2 (20. Qh4 $11) 20... Nd6 21. Qh4 (21. Bd4 $15) 21... f5 $2 ({And not} 21... Nxe4 22. Nxe4 dxe4 23. Kb1 $11) ({Better is} 21... Rb8 $1 $17 {[%cal Rb8b2] aiming for ...Rxb2!} 22. Qxf6 Rf7) 22. exd5 ({Reject} 22. e5 Ne4 23. Nxe4 fxe4 $15) (22. Bd4 $11) 22... cxd5 (22... exd5 $15 23. Rd3 g6) 23. Bd4 Bb7 $2 {[%emt 0:06:15][%mdl 8192] [#]} (23... Rd7 $11) 24. Qxe7 $3 Bxe7 $16 25. Rxg7+ Kf8 26. Bh5 {[%emt 0:00:12][%cal Od1g1] Rdg1! is the strong threat.} Qd8 $1 27. Rdg1 $1 {[%emt 0:02:36][%csl Gg1][%cal Rg7g8] The board is on fire. White has more active pieces.} Bf6 {[%emt 0:00:58] [#]} 28. Bxf6 (28. Rg8+ Ke7 29. Rxd8 Rxd8 $14) 28... Qxf6 29. Rg8+ Ke7 {[%emt 0:00:16] [#] White must now prevent ...Rxg8.} 30. R1g7+ Nf7 31. Rxf7+ Qxf7 32. Bxf7 Kxf7 33. Rxa8 Bxa8 {[%emt 0:00:00][%mdl 4096] Endgame. KB-KN} 34. Kd2 Kf6 35. Ke3 (35. Na4 $16) 35... e5 $11 {[%emt 0:00:11] The position is equal.} 36. fxe5+ Kxe5 37. Ne2 {[%emt 0:01:51] [#]} f4+ $1 38. Kf2 d4 {[%emt 0:00:22] Strongly threatening ...Be4.} 39. Nc1 $1 a5 40. Nd3+ Kf5 41. b3 Bc6 {[%emt 0:01:44] Weighted Error Value: White=0.23 (precise) /Black=0.34.  Loses game:     	---       	Black=1      Missed win:     	White=1     	---        Mistake:       	White=5     	Black=2      Inaccurate:     	White=1     	Black=4      OK:         	White=14    	Black=8      Best:        	White=3     	Black=5      Strong:       	White=3     	Black=2} 1/2-1/2

[Event "Presidents Day IM-Norm 2024"]
[Site "Santa Clara"]
[Date "2024.02.17"]
[Round "2.2"]
[White "Stevens, Adam B"]
[Black "Guo, Ethan"]
[Result "1/2-1/2"]
[ECO "E14"]
[WhiteElo "1878"]
[BlackElo "2099"]
[Annotator "NA RC"]
[PlyCount "166"]
[EventDate "2024.02.13"]
[EventType "tourn"]
[EventCountry "USA"]
[SourceTitle "playchess.com"]
[Source "ChessBase"]
[SourceQuality "1"]
[TimeControl "5400+30"]

1. d4 Nf6 2. c4 e6 3. Nf3 Bb4+ 4. Nbd2 b6 5. a3 Bxd2+ 6. Qxd2 Bb7 7. e3 O-O 8. Be2 d6 9. O-O c5 10. b4 Qe7 11. Bb2 Nbd7 12. Rfd1 Rfd8 13. Qc2 Rac8 14. dxc5 dxc5 15. b5 e5 16. Qf5 Be4 17. Qh3 h6 18. a4 Bxf3 19. Bxf3 Nf8 20. Bc6 a5 21. e4 Rxd1+ 22. Rxd1 Rd8 23. Rxd8 Qxd8 24. Bd5 Nxd5 25. exd5 Qg5 26. Qc3 Nd7 27. h3 Kf8 28. Qd3 g6 29. g3 h5 30. h4 Qg4 31. Kg2 Qf5 32. Qe2 Ke7 33. f3 Kd6 34. Qe4 Qxe4 35. fxe4 f5 36. Kf3 Nf6 37. exf5 gxf5 38. Bc3 Ne4 39. Be1 Ke7 40. Ke3 Nd6 41. Kd3 e4+ 42. Kc3 f4 43. gxf4 Kf6 44. Bg3 Kf5 45. Bh2 Ne8 46. Kd2 Nf6 47. Ke2 Ne8 48. Kd2 Nd6 49. Kc3 (49. Ke2 ) 49... e3 50. Kd3 e2 51. Kxe2 $19 Nxc4 52. Kd3 Nd6 53. Ke2 Ne8 54. Kd3 Nf6 55. Kc4 Ne8 56. Kd3 Nd6 57. Ke3 Ne4 58. Kd3 Nf2+ 59. Ke2 Ng4 60. Bg3 Nf6 61. d6 Ke6 62. Kd3 Kf5 63. Ke2 Ke6 64. Kd3 Kxd6 65. f5+ Kd7 66. Kc4 Ne4 67. Be1 Nd6+ 68. Kd5 Nxf5 69. Ke5 Ne3 70. Kf6 c4 71. Kg5 Ng2 72. Bd2 Ke6 73. Kxh5 Kf5 74. Bc3 Nf4+ 75. Kh6 Nd5 76. Be1 c3 77. h5 c2 78. Bd2 Nf4 79. Bc1 Ke4 80. Kg5 Nxh5 81. Kxh5 Kd4 82. Kg4 Kc4 83. Kf3 Kb3 1/2-1/2

[Event "Presidents Day IM-Norm 2024"]
[Site "Santa Clara"]
[Date "2024.02.16"]
[Round "2.3"]
[White "Cardoso Cardoso, Jose Gabriel"]
[Black "Vatsal Singhania"]
[Result "1-0"]
[ECO "B66"]
[WhiteElo "2477"]
[BlackElo "2252"]
[Annotator "TA"]
[PlyCount "75"]
[EventDate "2024.02.13"]
[EventType "tourn"]
[EventCountry "USA"]
[SourceTitle "playchess.com"]
[Source "ChessBase"]
[SourceQuality "1"]
[TimeControl "5400+30"]

1. e4 c5 2. Nf3 d6 3. d4 cxd4 4. Nxd4 Nf6 5. Nc3 Nc6 6. Bg5 e6 7. Qd2 a6 8. O-O-O Bd7 9. Kb1 h6 10. Be3 b5 11. Nxc6 Bxc6 12. f3 Qc7 13. Bd3 Be7 14. h4 h5 {[%emt 0:03:32] The position is equal.} (14... d5 $5) 15. Bg5 b4 16. Ne2 a5 17. Nd4 Bd7 18. Bb5 (18. c4 $14) 18... O-O $1 $11 19. Qe2 Rfc8 20. g4 (20. f4 $11) 20... a4 21. Bxd7 Qxd7 22. gxh5 a3 {[%emt 0:02:47] [#] ...axb2 would now be deadly.} 23. b3 {[%emt 0:00:11] Strongly threatening h6.} (23. h6 $2 axb2 24. Kxb2 (24. hxg7 Qa4) 24... Qa7 $19) 23... Nxh5 24. Rhg1 {[%emt 0:01:26] Repels Ng3} Ra5 25. Qd2 $1 Bxg5 $1 26. hxg5 Rac5 (26... Qc7 $1 $11 {remains equal.}) 27. Qxb4 $16 e5 (27... g6 $16) 28. Nf5 $18 Rxc2 29. Qxa3 {[%emt 0:00:09][%cal Og1h1] Threatens to win with Rh1! Active counter play!} Rf2 $2 (29... Rh2 {is tougher.} 30. Rh1 (30. Qxd6 $2 {perishes.} Qa7 $19) (30. Rxd6 Qb7 $18) (30. Nxd6 Rcc2 $16) 30... Rxh1 31. Rxh1 Nf4 32. Qxd6 Qxd6 33. Nxd6 Rc3) 30. Rxd6 (30. Nxd6 Rcc2 $14) 30... Qb7 31. g6 Rxf3 32. gxf7+ Kxf7 33. Qa4 ({Don't go for} 33. Rd5 $2 Rxf5 34. Qd6 Nf6 35. Rxe5 Rxe5 (35... Nxe4 36. Qe6+ Kf8 37. Rxf5+ Nf6 38. Rxf6+ gxf6 39. Rg8#) 36. Qxe5 Qxe4+ 37. Qxe4 Nxe4 $19) 33... Rc7 {[%emt 0:00:27] Dodges Rd7+} 34. Rdg6 {[%emt 0:09:32] And now Nd6+ would win.} Kf8 $2 (34... Rxf5 35. exf5 Qd5) 35. Rd1 Qb8 {[%emt 0:01:49] Against Rd8+} 36. Rgd6 Rc8 {[%emt 0:01:07] Prevents Rd8+} 37. Qa3 Ke8 {[%emt 0:01:04] [#] Prevents Rd8+} 38. Rd8+ $3 {[%emt 0:00:31][%mdl 512] Weighted Error Value: White=0.31/Black=0.71.  Mistake:       	White=2     	Black=4      Inaccurate:     	White=1     	Black=3      OK:         	White=8     	Black=7      Best:        	White=3     	---        Strong:       	White=1     	Black=2} 1-0

[Event "Presidents Day IM-Norm 2024"]
[Site "Santa Clara"]
[Date "2024.02.16"]
[Round "2.4"]
[White "Yim, Sung Ho"]
[Black "Raja Harshit"]
[Result "1/2-1/2"]
[ECO "E39"]
[WhiteElo "2243"]
[BlackElo "2508"]
[Annotator "TA"]
[PlyCount "40"]
[EventDate "2024.02.13"]
[EventType "tourn"]
[EventCountry "USA"]
[SourceTitle "playchess.com"]
[Source "ChessBase"]
[SourceQuality "1"]
[TimeControl "5400+30"]

1. d4 Nf6 2. c4 e6 3. Nc3 Bb4 4. Qc2 c5 5. dxc5 O-O 6. a3 Bxc5 7. Nf3 b6 8. Bf4 Nh5 9. Bg5 f6 10. Bh4 (10. Bd2 $16 {Strongly threatening g4.} f5 11. e4) 10... Bb7 $14 11. e3 Be7 12. Rd1 a6 13. Be2 g5 (13... Nc6 $14) 14. Nd4 ({White should play} 14. Bg3 $16) 14... Ng7 15. Bg3 {[%emt 0:00:21] Black must now prevent h4.} Nc6 (15... Bxg2 $14 {feels stronger.} 16. Rg1 Bb7) 16. Nxc6 $16 Bxc6 {[%emt 0:00:04] [#]} 17. Nd5 $1 {[%emt 0:01:18] Hoping for Nxe7+.} Rf7 ({Don't play} 17... exd5 18. cxd5 Bb5 19. d6 Bxe2 20. Qxe2 $18 (20. Kxe2 Rc8 $16) (20. dxe7 Qxe7 21. Qxe2 d5 $16)) 18. Bc7 {[%emt 0:07:20] White is much more active.} Qc8 19. Nxe7+ (19. Nxb6 $2 Qxc7 20. Nxa8 Bxa8 $17) 19... Rxe7 20. Bd6 Rf7 {[%emt 0:08:51] Weighted Error Value: White=0.18 (very precise) /Black=0.19 (very precise) .  Mistake:       	White=2     	Black=2      Inaccurate:     	White=1     	Black=2      OK:         	White=6     	Black=4      Best:        	---       	Black=1} 1/2-1/2

[Event "Presidents Day IM-Norm 2024"]
[Site "Santa Clara"]
[Date "2024.02.16"]
[Round "2.5"]
[White "Rodi, Luis Ernesto"]
[Black "Bansal, Advay"]
[Result "1/2-1/2"]
[ECO "B97"]
[WhiteElo "2196"]
[BlackElo "2253"]
[Annotator "TA"]
[PlyCount "55"]
[EventDate "2024.02.13"]
[EventType "tourn"]
[EventCountry "USA"]
[SourceTitle "playchess.com"]
[Source "ChessBase"]
[SourceQuality "1"]
[TimeControl "5400+30"]

1. e4 c5 2. Nf3 d6 3. d4 cxd4 4. Nxd4 Nf6 5. Nc3 a6 6. Bg5 e6 7. f4 Qb6 8. Qd2 Qxb2 9. Rb1 Qa3 10. e5 h6 11. Bh4 dxe5 12. fxe5 g5 13. Bf2 Ng4 {[%emt 0:00:07][%cal Og4f2] [#] Strongly threatening ...Nxf2! Black has an edge.} 14. Bg3 Bg7 (14... Nd7 $5) 15. Bb5+ Bd7 16. Bxd7+ Nxd7 17. Rb3 $1 Qa5 {[%emt 0:02:25] ...Nc5 would now be deadly.} 18. Rxb7 Ngxe5 {[%emt 0:02:01] aiming for ...Rc8.} (18... Ndxe5 $6 19. Nc6 $16 (19. Nxe6 $2 Nf3+ 20. gxf3 Bxc3 $19) (19. Nxe6 $2 Nf3+ 20. gxf3 Bxc3 $19)) 19. Nc6 $1 Nf3+ (19... Nxc6 20. Qxd7+ Kf8 21. Qxf7#) (19... Qc5 $6 20. Nxe5 Nxe5 21. Ne4 $18) 20. gxf3 Qxc3 21. Rxd7 (21. Qxc3 {simplifies} Bxc3+ 22. Ke2 Rc8 23. Na7) 21... Qxc6 22. Rc7 Qxf3 23. Qd7+ $1 $40 {[%emt 0:18:00][%mdl 128] White mounts an attack.} Kf8 {[%emt 0:00:16] And now ...Bc3+ would win.} 24. Rc8+ Rxc8 25. Qxc8+ Ke7 26. Qc7+ Ke8 $1 {[%emt 0:00:02] ...Bc3+ is the strong threat.} (26... Kf6 $2 27. Rf1 $18) 27. Kd2 Kf8 $4 {[%emt 1:31:21][%mdl 8192] [#]} (27... Qg2+ $19 28. Ke3 Qxh1) 28. Qd7 $4 {[%mdl 40960] Weighted Error Value: White=0.32/Black=0.49.  Loses game:     	White=1     	---        Missed win:     	White=1     	Black=1      Inaccurate:     	---       	Black=2      OK:         	White=7     	Black=6      Best:        	White=3     	Black=1      Strong:       	White=3     	Black=1     . An unexpected result.} 1/2-1/2

[Event "Presidents Day IM-Norm 2024"]
[Site "Santa Clara"]
[Date "2024.02.17"]
[Round "3.1"]
[White "Bansal, Advay"]
[Black "Yan, Nathan"]
[Result "1-0"]
[ECO "C54"]
[WhiteElo "2253"]
[BlackElo "2311"]
[Annotator "RC"]
[PlyCount "74"]
[EventDate "2024.02.13"]
[EventType "tourn"]
[EventCountry "USA"]
[SourceTitle "playchess.com"]
[Source "ChessBase"]
[SourceQuality "1"]
[TimeControl "5400+30"]

1. e4 e5 2. Nf3 Nc6 3. Bc4 Bc5 4. O-O Nf6 5. d3 O-O 6. h3 d6 7. c3 a5 8. Re1 h6 9. Nbd2 Be6 10. Bb5 Nd7 11. Nf1 f5 12. exf5 Bxf5 13. Ng3 Bh7 14. Be3 Bxe3 15. Rxe3 Ne7 16. d4 c6 17. Bf1 Nd5 18. Re1 Qf6 19. Ne4 Bxe4 20. Rxe4 Nf4 21. dxe5 Nxe5 22. Nxe5 dxe5 23. Qe1 Rae8 24. g3 Ne6 25. Bg2 Nc5 26. Re3 e4 27. Qe2 Qf5 28. Rd1 Re5 29. Rd4 Kh8 30. b4 axb4 31. cxb4 Nd3 32. Rexe4 Rxe4 33. Bxe4 Qxf2+ 34. Qxf2 Nxf2 35. Bg2 Nxh3+ 36. Bxh3 Rf3 37. Kg2 Ra3 1-0

[Event "Presidents Day IM-Norm 2024"]
[Site "Santa Clara"]
[Date "2024.02.17"]
[Round "3.2"]
[White "Raja Harshit"]
[Black "Rodi, Luis Ernesto"]
[Result "1/2-1/2"]
[ECO "C72"]
[WhiteElo "2508"]
[BlackElo "2196"]
[Annotator "RC"]
[PlyCount "114"]
[EventDate "2024.02.13"]
[EventType "tourn"]
[EventCountry "USA"]
[SourceTitle "playchess.com"]
[Source "ChessBase"]
[SourceQuality "1"]
[TimeControl "5400+30"]

1. e4 e5 2. Nf3 Nc6 3. Bb5 a6 4. Ba4 d6 5. O-O Bg4 6. h3 h5 7. c4 Qf6 8. Qb3 O-O-O 9. Bxc6 bxc6 10. Nh2 Qg6 11. d4 exd4 12. Nd2 Be2 13. Re1 d3 14. Qa4 d5 15. Qxa6+ Kd7 16. Nhf3 Re8 17. cxd5 cxd5 18. Qa4+ Qc6 19. Qxc6+ Kxc6 20. Nd4+ Kb7 21. Nxe2 dxe2 22. Rxe2 Nf6 23. e5 Nd7 24. Nf3 f6 25. e6 Nc5 26. Nd4 Ne4 27. f3 Bc5 28. fxe4 Bxd4+ 29. Be3 Bxe3+ 30. Rxe3 Rxe6 31. Rb3+ Kc8 32. exd5 Rd6 33. Rd1 Rhd8 34. Rb5 g5 35. a4 h4 36. a5 f5 37. Rc5 g4 38. Kf2 c6 39. hxg4 fxg4 40. Rd4 g3+ 41. Kf3 Rf6+ 42. Rf4 Rxf4+ 43. Kxf4 Rxd5 44. Rxc6+ Kd7 45. Rg6 Rxa5 46. Kg4 Ra4+ 47. Kh5 Rb4 48. Rg4 Rxb2 49. Rxh4 Ke6 50. Rf4 Rb3 51. Kg4 Rd3 52. Rf5 Ke7 53. Rf3 Rxf3 54. Kxf3 Kf6 55. Kg4 Kg6 56. Kh4 Kh6 57. Kh3 Kh5 1/2-1/2